 Dungeon Crawl Stone Soup version 0.31-a0-358-gac0dbeb3ab (webtiles) character file.

Game seed: 11881613639572169592

805 BritishOli the Trooper (level 7, -12/56 HPs)
             Began as a Demonspawn Fighter on July 25, 2023.
             Mangled by an ogre
             ... wielding a +0 giant spiked club
              (31 damage)
             ... on level 4 of the Dungeon.
             The game lasted 00:04:13 (3229 turns).

BritishOli the Trooper (Demonspawn Fighter)         Turns: 3229, Time: 00:04:14

Health: -12/56     AC:  0    Str: 18    XL:     7   Next: 60%
Magic:  7/7        EV:  9    Int:  9    God:
Gold:   179        SH:  5    Dex: 13    Spells: 6/6 levels left

rFire   . . .        a - +0 war axe
rCold   . . .        c - +0 buckler
rNeg    . . .        b - +0 scale mail
rPois   .            (no helmet)
rElec   .            (no cloak)
rCorr   .            (no gloves)
SInv    .            (no boots)
Will    .....        (no amulet) Stlth
                     (no ring)
HPRegen 0.29/turn    (no ring)
MPRegen 0.10/turn

%: no passive effects
@: corroded
A: foul stench 2, weakness stinger 1
a: no special abilities


You were on level 4 of the Dungeon.
You visited 1 branch of the dungeon, and saw 4 of its levels.

You collected 179 gold pieces.

Inventory:

Hand Weapons
 a - a +0 war axe (weapon)
Armour
 b - a +0 scale mail (worn)
 c - a +0 buckler (worn)
Jewellery
 e - an amulet of magic regeneration
 o - a ring of magical power
Wands
 r - a wand of roots (13)
 u - a wand of light (2)
Scrolls
 g - a scroll of fog {unknown}
 k - a scroll of blinking {unknown}
 l - a scroll of enchant weapon {unknown}
 q - 5 scrolls of identify {unknown}
 s - a scroll of immolation {unknown}
 v - a scroll of teleportation {unknown}
 w - a scroll of poison {unknown}
 x - 2 scrolls of vulnerability {unknown}
Potions
 d - a potion of might
 f - a potion of curing {unknown}
 h - a potion of cancellation {unknown}
 i - a potion of enlightenment {unknown}
 j - a potion of heal wounds {unknown}
 m - 2 potions of mutation {unknown}
 n - a potion of resistance {unknown}
 p - a potion of invisibility
 t - a potion of lignification {unknown}


   Skills:
 + Level 5.1 Fighting
 + Level 4.2 Axes
 + Level 4.7 Armour
 + Level 4.7 Shields


You had 6 spell levels left.
You didn't know any spells.
Your spell library contained the following spells:

 Spells                   Type           Power      Damage    Failure   Level
 Call Canine Familiar     Summ           0%         N/A       99%         3
 Portal Projectile        Hex/Tloc       0%         N/A       99%         3
 Tukima's Dance           Hex            0%         N/A       99%         3
 Leda's Liquefaction      Hex/Erth       0%         N/A       100%        4
 Passage of Golubria      Tloc           0%         N/A       100%        4
 Yara's Violent Unravell  Hex/Tmut       0%         3d3       100%        5


Dungeon Overview and Level Annotations

Branches:
Dungeon (4/15)
 Temple: D:4-7

Altars:
Nemelex Xobeh
Xom


Innate Abilities, Weirdness & Mutations

You sometimes emit foul miasma when damaged in melee.
You have a small tail.


Message History

a +0 short sword; a +0 leather armour You enter the shallow water.
Moving in this stuff is going to be slow.
You now have 179 gold pieces (gained 17).
A quokka comes into view.
A quokka is nearby!
A jelly comes into view.
The jelly quivers.
You hit the jelly.
Your hands burn!
You tail-slap the jelly!
The jelly is heavily wounded.
The jelly hits you but does no damage. You block the quokka's attack.
You hit the jelly.
Your hands burn!
The jelly is almost dead.
You closely miss the quokka. The jelly hits you. The acid corrodes you!
You are splashed with acid!
The quokka bites you but does no damage.
The jelly hits you. The acid corrodes you!
You are splashed with acid.
The ogre shouts!
You slash the jelly!
You kill the jelly!
You slash the quokka!
You kill the quokka!
Found a coppery potion.
You enter the shallow water.
Moving in this stuff is going to be slow.
Found a silver ring.
You closely miss the ogre.
You tail-slap the ogre, but do no damage.
You block the ogre's attack.
An ogre is nearby!
You hit the ogre but do no damage.
The ogre hits you with a +0 giant spiked club!
You are too injured to fight recklessly!
You are too injured to fight recklessly!
You are too injured to fight recklessly!
You are too injured to fight recklessly!
The ogre attacks as you move away!
The ogre hits you with a +0 giant spiked club!!
Ouch! That really hurt!
You die...

###.##.#####.# #.#
#.##.##....# #.#
####
#.......##.####.#
.....
####.#####......#
...≈~
#~##.......######
♣..~.~#~.#.#######
~♣..~≈#..#.#
~....~≈..#.#
=~~~.≈~~O@.#
.~~~~.≈...##
~≈..~~.~.##
.~≈.....♣#
...≈.≈.~.
.##~..~~# #...####
!.#.


You could see an ogre.

Vanquished Creatures
  Sigmund (D:3)
  Eustachio (D:4)
  Duvessa (D:4)
  Blork the orc (D:4)
  Dowan (D:4)
  A jelly (D:4)
  A hound (D:4)
  An orc priest (D:3)
  Natasha (thrice) (D:3)
  An ufetubus (D:4)
  4 worms (D:2)
  A dart slug (D:1)
  14 orcs
  8 ball pythons
  8 endoplasms
  3 giant cockroaches
  3 goblins (D:1)
  14 hobgoblins
  6 jackals
  4 kobolds
  8 quokkas
  7 bats
  6 frilled lizards
  9 rats
107 creatures vanquished.

Notes
Turn   | Place    | Note
-------+----------+-------------------------------------------
     0 | D:1      | BritishOli the Demonspawn Fighter began the quest for the
                  | Orb.
     0 | D:1      | Reached XP level 1. HP: 18/18 MP: 1/1
    90 | D:1      | Gained mutation: You may rarely emit foul miasma when
                  | damaged in melee. [demonic ancestry]
    90 | D:1      | Reached XP level 2. HP: 19/24 MP: 2/2
   352 | D:1      | Reached XP level 3. HP: 23/29 MP: 3/3
   701 | D:1      | Found a faded altar of an unknown god.
   984 | D:2      | Identified the +2 scale mail of Salvation {Regen+ Str+3}
  1160 | D:2      | Found a shimmering altar of Xom.
  1415 | D:3      | Reached XP level 4. HP: 35/35 MP: 4/4
  1427 | D:3      | Noticed Sigmund
  1438 | D:3      | HP: 1/35 [Sigmund/+0 scythe (1)]
  1442 | D:3      | Killed Sigmund
  1443 | D:3      | Reached skill level 4 in Fighting
  1443 | D:3      | Reached XP level 5. HP: 3/42 MP: 5/5
  1858 | D:3      | Noticed Natasha
  1869 | D:3      | Killed Natasha
  1906 | D:3      | Gained mutation: You sometimes emit foul miasma when
                  | damaged in melee. [demonic ancestry]
  1906 | D:3      | Reached XP level 6. HP: 27/48 MP: 6/6
  2107 | D:3      | Found a sparkling altar of Nemelex Xobeh.
  2433 | D:3      | Noticed Natasha
  2437 | D:3      | Killed Natasha
  2479 | D:3      | Noticed Natasha
  2488 | D:3      | Killed Natasha
  2640 | D:4      | Noticed Blork the orc
  2648 | D:4      | Killed Blork the orc
  2828 | D:4      | Noticed Eustachio
  2982 | D:4      | Killed Eustachio
  2983 | D:4      | Gained mutation: You have a small tail. [demonic ancestry]
  2983 | D:4      | Reached XP level 7. HP: 42/55 MP: 7/7
  3043 | D:4      | Noticed Dowan
  3044 | D:4      | Noticed Duvessa
  3053 | D:4      | Killed Duvessa
  3054 | D:4      | Reached skill level 5 in Fighting
  3058 | D:4      | Killed Dowan
  3229 | D:4      | Mangled by an ogre

Illustrated notes

Levels and vault maps discovered:
D:1:      eino_arrival_cavern_b, layout_rooms,
          shapermc_ecumenical_altar_hornbeckon
D:2:      layout_basic, basic_altar, serial_park_tiny_pond
D:3:      layout_loops_ring, mainiacjoe_overflow_brackets, columned_hall_lemuel,
          minmay_pentangle, uniq_natasha, uniq_sigmund
D:4:      layout_loops_cross, kennysheep_mini_moat,
          mainiacjoe_overflow_alcove_2, serial_rivers,
          chequers_serial_rivers_large_b, chequers_serial_rivers_small_b,
          chequers_serial_rivers_marsh, chequers_serial_rivers_micro_c,
          chequers_serial_rivers_small_a, chequers_avenue, uniq_duvessa,
          uniq_blork_the_orc, uniq_eustachio

Skill      XL: |  1  2  3  4  5  6  7 |
---------------+----------------------+-----
Axes           | 2 3 4 |  4.2
Armour         | 3 4 |  4.7
Shields        | 3 4 |  4.7
Fighting       | 4 5 |  5.1

Action                     |  1- 3 |  4- 6 |  7- 9 || total
---------------------------+-------+-------+-------++-------
  Melee: War axe           |   131 |   153 |    17 ||   301
         Tailslap          |       |       |     6 ||     6
    Use: Potion            |       |     1 |       ||     1
 Armour: Scale mail        |    78 |    95 |     7 ||   180
  Dodge: Dodged            |    85 |   106 |     2 ||   193
  Block: Buckler           |    46 |    56 |     5 ||   107

Table legend: (Time is in decaauts)
 A = Elapsed time spent in this place.
 B = Non-inter-level travel time spent in this place.
 C = Inter-level travel time spent in this place.
 D = Time resting spent in this place.
 E = Time spent auto-exploring this place.
 F = Levels seen in this place.
 G = Mean time per level.
                   A        B        C        D        E       F      G
               +--------+--------+--------+--------+--------+-----+--------+
         Total |   3359 |   3267 |     92 |    436 |   2061 |   4 |  839.8 |
       Dungeon |   3359 |   3267 |     92 |    436 |   2061 |   4 |  839.8 |
               +--------+--------+--------+--------+--------+-----+--------+

Top non-repeatable levels by time:
     D:3: 1330 daAuts
     D:2: 801 daAuts
     D:1: 792 daAuts
     D:4: 435 daAuts
